 Dungeon Crawl Stone Soup version 0.31-a0-187-gba352fbbf7 (webtiles) character file.

Game seed: 12067917639357404

51 qw the Shooter (level 3, -1/20 HPs)
             Began as a Deep Elf Hunter on June 22, 2023.
             Slain by a gnoll
             ... wielding a +0 halberd
              (12 damage)
             ... on level 2 of the Dungeon.
             The game lasted 00:00:18 (837 turns).

qw the Shooter (Deep Elf Hunter)                     Turns: 837, Time: 00:00:18

Health: -1/20      AC:  6    Str: 10    XL:     3   Next: 57%
Magic:  5/5        EV: 11    Int: 13    God:
Gold:   56         SH:  0    Dex: 18    Spells: 2/2 levels left

rFire   . . .        Y - +0 shortbow
rCold   . . .        (shield currently unavailable)
rNeg    . . .        i - +0 ring mail
rPois   .            (no helmet)
rElec   .            f - +0 cloak
rCorr   .            (no gloves)
SInv    .            (no boots)
Will    .....        (no amulet)
Stlth   +            (no ring)
HPRegen 0.23/turn    (no ring)
MPRegen 0.09/turn

%: no passive effects
@: no status effects
A: no striking features
a: no special abilities


You were on level 2 of the Dungeon.
You visited 1 branch of the dungeon, and saw 2 of its levels.

You collected 82 gold pieces.
You spent 26 gold pieces at shops.


   Skills:
 - Level 1.5 Fighting
 + Level 7.1 Ranged Weapons
 - Level 2.4 Dodging
 - Level 1.2 Stealth


You had 2 spell levels left.
You didn't know any spells.
Your spell library was empty.

Inventory:

Hand Weapons
 Y - a +0 shortbow (weapon)
Armour
 f - a +0 cloak (worn)
 i - a +0 ring mail (worn)
Scrolls
 d - a scroll of identify
Potions
 e - a potion of curing
 h - a potion of haste {unknown}

Dungeon Overview and Level Annotations

Branches:
Dungeon (2/15)

Altars:

Shops:
D:1 =?


Message History

An adder comes into view.
The gnoll barely misses you.
A gnoll comes into view. It is wielding a +0 flail.
You shoot an arrow. The adder hisses angrily.
The arrow hits the gnoll but does no damage.
You shoot an arrow. The arrow barely misses the gnoll.
You shoot an arrow. The arrow hits the gnoll!
The gnoll is severely wounded.
The gnoll barely misses you.
You shoot an arrow. The arrow hits the gnoll!
You kill the gnoll!
The gnoll hits you from afar with a +0 halberd.
Your Ranged Weapons skill increases to level 7!
You shoot an arrow. The arrow closely misses the adder.
The adder barely misses you. The gnoll closely misses you.
The adder bites you but does no damage.
You shoot an arrow. The arrow misses the adder.
You hear a shout!
The gnoll closely misses you. The adder bites you but does no damage.
A gnoll comes into view. It is wielding a +0 whip.
The gnoll hits you from afar with a +0 halberd.
You shoot an arrow. The arrow misses the adder.
The adder misses you. The gnoll closely misses you.
The adder bites you but does no damage.
You shoot an arrow. The arrow hits the adder.
The adder is lightly wounded.
The adder completely misses you. The gnoll closely misses you.
You shoot an arrow. The arrow hits the adder.
The adder is moderately wounded.
The adder barely misses you. The gnoll closely misses you. The adder bites you.
You shoot an arrow. The arrow closely misses the adder.
The gnoll closely misses you. The adder bites you but does no damage.
You shoot an arrow.
The arrow hits the adder but does no damage.
The adder is moderately wounded.
The adder bites you but does no damage.
The gnoll hits you from afar with a +0 halberd!
Ouch! That really hurt!
You die...

## .. .# .#
###########.#####.
.................>
####...@S#
#.....##)#
##.#...# g#
#....#.# g.
##.#.#.#####
#.#..#.%......
#.#....#########
#.#.###.........
#.#.# #.########


You could see 2 gnolls and an adder.

Vanquished Creatures
  2 gnolls (D:2)
  An adder (D:2)
  An orc (D:2)
  An endoplasm (D:2)
  A giant cockroach (D:1)
  4 goblins
  4 kobolds
  A quokka (D:1)
  A ball python (D:2)
  2 bats
  A frilled lizard (D:2)
  2 rats
21 creatures vanquished.

Notes
Turn   | Place    | Note
-------+----------+-------------------------------------------
     0 | D:1      | qw the Deep Elf Hunter began the quest for the Orb.
     0 | D:1      | Reached XP level 1. HP: 12/12 MP: 3/3
     0 | D:1      | 0 ||| qw: Version: 0.3-a-9-g12657ce
     0 | D:1      | 0 ||| qw: Game counter: 2102
     0 | D:1      | 0 ||| qw: Always use a shield: true
     0 | D:1      | 0 ||| qw: God list: Okawaru
     0 | D:1      | 0 ||| qw: Allow faded altars: false
     0 | D:1      | 0 ||| qw: Do Orc after D:15 true
     0 | D:1      | 0 ||| qw: Do second Lair branch before Depths: true
     0 | D:1      | 0 ||| qw: Lair rune preference: random
     0 | D:1      | 0 ||| qw: Plans: Normal
     0 | D:1      | 0 ||| PLANNING D:1-11
   314 | D:1      | Reached XP level 2. HP: 16/16 MP: 4/4
   329 | D:1      | Reached skill level 6 in Ranged Weapons
   346 | D:1      | Found Lamagairorph's One-of-a-Kind Rings.
   351 | D:1      | 351 ||| SHOPLISTING +5 ring of slaying (1250 gold, have
                  | 48).
   351 | D:1      | 351 ||| SHOPLISTING ring of the Wicked God {Ice Fly Str+2
                  | SInv Stlth+} (498 gold, have 48).
   385 | D:1      | Found Zipp's Magic Scroll Shop.
   400 | D:1      | 400 ||| SHOPLISTING scroll of enchant weapon (97 gold, have
                  | 48).
   400 | D:1      | 400 ||| BUYING scroll of identify (26 gold).
   400 | D:1      | Bought a scroll of identify for 26 gold pieces
   400 | D:1      | 400 ||| SHOPLISTING scroll of identify (26 gold, have 22).
   556 | D:1      | 556 ||| UPGRADING to +0 cloak.
   561 | D:1      | 561 ||| UPGRADING to +0 ring mail.
   571 | D:1      | 571 ||| DROPPING +0 leather armour.
   572 | D:1      | 572 ||| READING scroll labelled BEHE KEEF KAHI.
   573 | D:1      | 573 ||| READING scroll labelled JAFIWEMOMU.
   574 | D:1      | 574 ||| READING scroll labelled BYCRAN QI ONAD.
   575 | D:1      | 575 ||| READING 2 scrolls of identify.
   575 | D:1      | 575 ||| IDENTIFYING viscous green potion
   576 | D:1      | 576 ||| DROPPING scroll of butterflies.
   731 | D:2      | Reached XP level 3. HP: 12/20 MP: 5/5
   831 | D:2      | Reached skill level 7 in Ranged Weapons
   837 | D:2      | Slain by a gnoll

Levels and vault maps discovered:
D:1:      mrwooster_arrival_statue_2, layout_loops_ring, serial_shops,
          nicolae_shop_waterfront, st_stairs_13, nicolae_shop_unique_rings
D:2:      layout_basic, uniq_natasha

Skill      XL: |  1  2  3 |
---------------+----------+-----
Ranged Weapons | 6 7 |  7.1
Fighting       | |  1.5
Dodging        | |  2.4
Stealth        | |  1.2

Action                     || total
---------------------------++-------
   Fire: Shortbow          ||    65
    Use: Scroll            ||     4
 Armour: Leather armour    ||     1
         Ring mail         ||    11
  Dodge: Dodged            ||    16

Table legend:
 A = Non-vault XP
 B = Vault XP
 C = Vault XP percentage of total XP
 D = Non-vault monster count
 E = Vault monster count
 F = Vault count percentage of total count
                 A         B        C        D         E       F
            +---------+---------+-------+---------+---------+-------
      Total |      70 |       3 |   4.1 |      19 |       2 |   9.5
            +---------+---------+-------+---------+---------+-------
        D:1 |      15 |       3 |  16.7 |       8 |       2 |  20.0
        D:2 |      55 |       0 |   0.0 |      11 |       0 |   0.0
            +---------+---------+-------+---------+---------+-------
